 Dungeon Crawl Stone Soup version 0.31-a0-1071-gaead2f62b1 (webtiles) character file.

Game seed: 10409672737535613697

2407 strifetoe the Mimic (level 9, -2/62 (65) HPs)
             Began as a Merfolk Shapeshifter on Nov 26, 2023.
             Was an Initiate of Makhleb.
             Slain by a wight
             ... wielding a +0 dire flail
              (9 damage)
             ... on level 7 of the Dungeon.
             The game lasted 00:10:00 (6330 turns).

strifetoe the Mimic (Merfolk Shapeshifter)          Turns: 6330, Time: 00:10:01

HP:   -2/62 (65)    AC: 14    Str: 19    XL:     9   Next: 47%
MP:   9/9           EV:  9    Int:  9    God:    Makhleb [......]
Gold: 356           SH:  0    Dex: 13    Spells: 8/8 levels left

rFire   + .          .
                       - Unarmed
rCold   + . .        (shield currently unavailable)
rNeg    . . .        r - +0 chain mail
rPois   .            (no helmet)
rElec   +            F - scarf {rC+ rF+}
rCorr   .            (no gloves)
SInv    +            (no boots)
Will    +....        (no amulet) Stlth
                     s - ring of Dothides {rElec Will+ AC+4 SInv}
HPRegen 0.30/turn    l - ring of see invisible
MPRegen 0.11/turn

%: no passive effects
@: flux-form, glowing, studying Armour, lightly drained
A: glow, contaminating, (nimble swimmer 2), mertail, inability to drink after
injury 1
a: Begin Untransformation, Renounce Religion


You were on level 7 of the Dungeon.
You worshipped Makhleb.
Makhleb was noncommittal.
You were something dangerously unstable.
You visited 2 branches of the dungeon, and saw 8 of its levels.
You also visited: Sewer.

You collected 356 gold pieces.

Inventory:

Hand Weapons
 b - a +5 morningstar of freezing
Armour
 a - the +0 ring mail "Kankugiu" {rF+ rC+ Regen+ Dex-5}
   (You found it on level 6 of the Dungeon)

   Dex-5:     It affects your dexterity (-5).
   rF+:       It protects you from fire.
   rC+:       It protects you from cold.
   Regen+:    It increases your rate of health regeneration.
 r - a +0 chain mail (worn)
 F - a scarf of resistance (worn)
Jewellery
 f - a +6 ring of dexterity
 i - a ring of protection from fire
 l - a ring of see invisible (right hand)
 s - the ring of Dothides (left hand) {rElec Will+ AC+4 SInv}
   (You acquired it on level 4 of the Dungeon)

   [ring of protection]

   AC+4:      It affects your AC (+4).
   rElec:     It insulates you from electricity.
   Will+:     It increases your willpower.
   SInv:      It lets you see invisible.
Talismans
 c - a beast talisman
 d - a flux talisman (active)
 C - a maw talisman
Wands
 y - a wand of charming (14)
Scrolls
 e - 2 scrolls of noise
 g - a scroll of amnesia
 t - a scroll of identify
 u - a scroll of poison
 w - a scroll of enchant armour {unknown}
 x - 2 scrolls of immolation {unknown}
 A - a scroll of revelation
 B - a scroll of enchant weapon {unknown}
 D - a scroll of teleportation
Potions
 h - 5 potions of degeneration
 j - 2 potions of might
 k - a potion of resistance {unknown}
 n - a potion of heal wounds
 o - a potion of magic {unknown}
 p - 3 potions of haste
 q - 2 potions of invisibility {unknown}
 v - a potion of attraction
 z - a potion of enlightenment {unknown}
 E - a potion of curing {unknown}


   Skills:
 - Level 4.1 Fighting
 + Level 6.3 Armour
 - Level 4.6 Dodging
 - Level 8.2 Unarmed Combat
 + Level 8.9 Shapeshifting


You had 8 spell levels left.
You didn't know any spells.
Your spell library was empty.

Dungeon Overview and Level Annotations

Branches:
Dungeon (7/15)             Temple (1/1) D:6           Sewer (visited)

Altars:
Ashenzari
Cheibriados
Dithmenos
Elyvilon
Fedhas
Hepliaklqana
Kikubaaqudgha
Makhleb
Nemelex Xobeh
Okawaru
Qazlal
Ru
Sif Muna
Trog
Vehumet
Wu Jian
Xom
Zin
The Shining One
Lugonu

Portals:
Abyss: D:5

Annotations:
D:3 3 runed translucent doors, RandomusNamus's ghost, amateur OpSh; ojifijod's ghost, amateur GnWn
D:5 2 runed translucent doors


Innate Abilities, Weirdness & Mutations

You are something dangerously unstable.
You glow with magical radiation, making you easy to see and hit.
Foes you strike become dangerously contaminated with magical radiation.
You are incapable of wielding weapons or throwing items.
((You are very nimble when in or above water. (Stealth+, EV+, Speed+++)))
Your lower body shifts to a powerful aquatic tail in water.
You occasionally lose the ability to drink potions when taking damage.


Message History

You hit the wight.
The wight begins to glow.
The wight is moderately damaged.
A wight comes into view. It is wielding a +0 trident.
The wight closely misses you.
You hit the wight but do no damage.
The wight glows dangerously bright.
The wight is moderately damaged.
The wight completely misses you.
You hit the wight but do no damage.
The wight shudders as magic cascades through it!!
You destroy the wight!
Makhleb accepts your kill.
Things that are here:
a +0 great sword; a +0 robe Unknown command.
The wight closely misses you.
You closely miss the wight.
The wight hits you with a +0 dire flail!
The wight hits you from afar with a +0 trident.
You hit the wight but do no damage.
The wight begins to glow.
The wight hits you with a +0 dire flail!
You feel drained. The wight completely misses you.
You hit the wight but do no damage.
The wight glows dangerously bright.
You barely miss the wight.
The wight hits you with a +0 dire flail.
The wight hits you but does no damage.
Unknown command.
You hit the wight.
The wight shudders as magic cascades through it!
The wight is severely damaged.
The wight completely misses you.
The wight hits you from afar with a +0 trident.
* * * LOW HITPOINT WARNING * * *
You feel drained.
* * * LOW HITPOINT WARNING * * *
The wight attacks as it pursues you!
The wight hits you with a +0 dire flail!
* * * LOW HITPOINT WARNING * * *
The wight attacks as it pursues you!
The wight hits you with a +0 dire flail!
You die...

#.# #.# #. #.# #. #.#
#.# #. ##.## #.#
#.##...## #.####
##.#.....## #.##.##
##.........###p#.#.##
###.............z.###.##
....##.........†.## ##.#
#..#.......####z###.##
#..<#.....# ##.#.##
##.###.#### ##.## #.#
### #.# ..# #.# .### #.#


You could see 2 wights.

Vanquished Creatures
  Grinder (Sewer)
  A sky beast (D:7)
  2 water moccasins
  Duvessa (D:4)
  A black bear (D:4)
  3 centaurs
  2 phantoms (D:5)
  A bullfrog (D:5)
  2 scorpions
  A necrophage (Sewer)
  3 wights
  2 killer bees (D:7)
  2 howler monkeys
  Crazy Yiuf (D:6)
  4 hounds
  2 sleepcaps
  6 iguanas
  An orc wizard (D:4)
  2 gnolls (D:4)
  4 adders
  3 shadow imps (Sewer)
  A white imp (D:7)
  3 ufetubi
  An adder zombie (Sewer)
  2 dart slugs
  13 orcs
  A bat zombie (Sewer)
  12 endoplasms
  4 giant cockroaches
  9 goblins
  3 hobgoblins
  9 quokkas
  11 ball pythons
  6 bats
  6 frilled lizards
  12 kobolds
  10 rats
148 creatures vanquished.

Vanquished Creatures (collateral kills)
  Dowan (D:5)
1 creature vanquished.

Vanquished Creatures (others)
  A steam dragon (D:6)
1 creature vanquished.

Grand Total: 150 creatures vanquished

Notes
Turn   | Place    | Note
-------+----------+-------------------------------------------
     0 | D:1      | strifetoe the Merfolk Shapeshifter began the quest for the
                  | Orb.
     0 | D:1      | Reached XP level 1. HP: 15/15 MP: 1/1
   123 | D:1      | Reached XP level 2. HP: 16/21 MP: 2/2
   489 | D:1      | Reached XP level 3. HP: 22/26 MP: 3/3
   793 | D:1      | Found a faded altar of an unknown god.
  1121 | D:2      | Reached skill level 5 in Unarmed Combat
  1328 | D:2      | Found a hazy altar of Hepliaklqana.
  1634 | D:3      | Found a glowing drain.
  1653 | D:3      | Reached XP level 4. HP: 32/32 MP: 4/4
  1654 | Sewer    | Entered a sewer
  1897 | Sewer    | Found an ancient bone altar of Kikubaaqudgha.
  1909 | Sewer    | Gained mutation: You occasionally lose the ability to drink
                  | potions when taking damage. [potion of mutation]
  1917 | Sewer    | Reached XP level 5. HP: 9/37 MP: 5/5
  2034 | Sewer    | Noticed Grinder
  2053 | Sewer    | Killed Grinder
  2054 | Sewer    | Reached XP level 6. HP: 18/43 MP: 6/6
  2334 | Sewer    | Reached XP level 7. HP: 45/48 MP: 7/7
  2365 | D:3      | Found a shimmering altar of Xom.
  2437 | D:3      | Found a runed translucent gate.
  2437 | D:3      | Found a runed translucent gate.
  2438 | D:3      | Found a runed translucent gate.
  2439 | D:3      | Noticed RandomusNamus's ghost (amateur OpSh)
  2439 | D:3      | Noticed ojifijod's ghost (amateur GnWn)
  3161 | D:4      | Reached skill level 5 in Shapeshifting
  3431 | D:4      | Found a broken altar of Ashenzari.
  4168 | D:4      | Identified a scroll of acquirement
  4168 | D:4      | Acquired the ring of Dothides {rElec Will+ AC+4 SInv}
  4200 | D:5      | Entered Level 5 of the Dungeon
  4203 | D:5      | Found a one-way gate to the infinite horrors of the Abyss.
  4233 | D:5      | Reached skill level 1 in Armour
  4238 | D:5      | Reached XP level 8. HP: 39/57 MP: 8/8
  4357 | D:5      | Identified the +1 flail "Atsoevap" {antimagic, Str+3 Int+3}
  4361 | D:5      | Found a stormy altar of Qazlal.
  4606 | D:5      | Found a bloodstained altar of Trog.
  4641 | D:5      | Noticed Duvessa
  4654 | D:5      | Noticed Dowan
  4659 | D:5      | Killed Dowan
  4707 | D:4      | Killed Duvessa
  4845 | D:5      | Found a large runed translucent door.
  4845 | D:5      | Found a corrupted altar of Lugonu.
  4845 | D:5      | Found a large runed translucent door.
  4885 | D:5      | Found an ornate altar of the Wu Jian Council.
  5292 | D:6      | Found a staircase to the Ecumenical Temple.
  5309 | Temple   | Entered the Ecumenical Temple
  5319 | Temple   | Became a worshipper of Makhleb the Destroyer
  5332 | D:6      | Reached XP level 9. HP: 55/65 MP: 9/9
  5443 | D:6      | Reached skill level 5 in Armour
  6018 | D:6      | Identified the +0 ring mail "Kankugiu" {rF+ rC+ Regen+
                  | Dex-5}
  6051 | D:6      | Found a runed translucent door.
  6052 | D:6      | Noticed Crazy Yiuf
  6059 | D:6      | Killed Crazy Yiuf
  6330 | D:7      | Slain by a wight

Illustrated notes

Levels and vault maps discovered:
D:1:      scummos_arrival_simple_fountains, layout_loops_ring,
          shapermc_ecumenical_altar_mp_vishouse
D:2:      layout_basic, serial_bayou, serial_bayou_pond_d, serial_bayou_pond_d,
          serial_bayou_crossing, serial_bayou_lagoon_a, serial_bayou_shore_a,
          basic_altar
D:3:      layout_basic, mainiacjoe_overflow_catwalk,
          cheibrodos_sewer_entry_drain, gammafunk_ghost_cemetery
D:4:      minmay_wonky_spiral, layout_cave_pods, evilmike_ruin_ashenzari
D:5:      due_chaos_kobolds, layout_rooms, nicolae_wu_jian_wuxing_cycle,
          mainiacjoe_overflow_small_starburst, kennysheep_mini,
          minmay_manual_mail, uniq_duvessa
D:6:      layout_cave_pools, minmay_temple_entry_trees, dk_noncrumbling_3,
          uniq_crazy_yiuf_cottage, uniq_grinder
D:7:      layout_loops_ring, biasface_ghost_orc_armoury
Temple:   nicolae_temple_two_arcs

Skill      XL: |  1  2  3  4  5  6  7  8  9 |
---------------+----------------------------+-----
Unarmed Combat | 4 5 6 7 8 |  8.2
Shapeshifting  | 6 7 8 |  8.9
Dodging        | 4 |  4.6
Fighting       | 2 4 |  4.1
Armour         | 1 4 6 |  6.3

Action                     |  1- 3 |  4- 6 |  7- 9 || total
---------------------------+-------+-------+-------++-------
  Melee: Unarmed           |   125 |    85 |   243 ||   453
         Punch             |     5 |     3 |    11 ||    19
         Tailslap          |     1 |       |       ||     1
Ability: Begin Untransform |       |       |     1 ||     1
  Evoke: Wand              |       |       |     1 ||     1
    Use: Scroll            |     5 |       |     6 ||    11
         Potion            |       |     5 |       ||     5
 Armour: Animal skin       |    32 |       |       ||    32
         Scale mail        |    22 |    56 |     2 ||    80
         Skin              |       |     5 |       ||     5
         Chain mail        |       |       |   220 ||   220
  Dodge: Dodged            |    68 |    45 |   100 ||   213
   Form: Flux              |       |       |     1 ||     1

Table legend: (Time is in decaauts)
 A = Elapsed time spent in this place.
 B = Non-inter-level travel time spent in this place.
 C = Inter-level travel time spent in this place.
 D = Time resting spent in this place.
 E = Time spent auto-exploring this place.
 F = Levels seen in this place.
 G = Mean time per level.
                   A        B        C        D        E       F      G
               +--------+--------+--------+--------+--------+-----+--------+
         Total |   6211 |   6024 |    187 |    908 |   4090 |   9 |  690.1 |
       Dungeon |   5528 |   5349 |    179 |    780 |   3703 |   7 |  789.7 |
        Temple |     18 |     10 |      8 |      0 |      0 |   1 |   18.0 |
         Sewer |    664 |    664 |      0 |    128 |    387 |   1 |  664.0 |
               +--------+--------+--------+--------+--------+-----+--------+

Top non-repeatable levels by time:
     D:4: 1191 daAuts
     D:6: 947 daAuts
     D:5: 864 daAuts
     D:1: 850 daAuts
     D:3: 830 daAuts
     D:2: 724 daAuts
   Sewer: 664 daAuts
     D:7: 120 daAuts
  Temple: 18 daAuts
